 Dungeon Crawl Stone Soup version 0.23.1-37-gaa34b87 (webtiles) character file.

Game seed: 0

17861 teukkam the Fighter (level 12, -3/165 HPs)
             Began as a Minotaur Fighter on Mar 19, 2019.
             Was an Elder of Nemelex Xobeh.
             Slain by a thrashing horror (5 damage)
             ... on level 1 of the Abyss on Mar 20, 2019.
             The game lasted 00:53:50 (9655 turns).

teukkam the Fighter (Minotaur Fighter)              Turns: 9655, Time: 00:53:51

Health: -3/165     AC: 26    Str: 31 (33) XL:     12   Next: 22%
Magic:  17/17      EV:  2    Int:  2 (5)  God:    Nemelex Xobeh [****..]
Gold:   661        SH:  0    Dex: 11 (13) Spells: 11/11 levels left

rFire    . . .     SeeInvis .   a - +7 spear of Juydal {pierce, rC+ Str+2 Dex+3}
rCold    + . .     Gourm    .   c - +0 shield
rNeg     + + +     Faith    .   (armour currently unavailable)
rPois    +         Spirit   .   (helmet currently unavailable)
rElec    .         Reflect  .   (cloak currently unavailable)
rCorr    .         Harm     .   (gloves currently unavailable)
MR       .....     NoTele   +   (boots currently unavailable)
Stlth    +.........             (no amulet)
HPRegen  0.37/turn              (no ring)
MPRegen  0.15/turn              B - +2 ring of evasion

@: confused, mighty, tree-form
A: (retaliatory headbutt)
a: Draw Escape, Draw Destruction, Draw Summoning, Triple Draw, Deal Four,
Renounce Religion


You were on level 1 of the Abyss.
You worshipped Nemelex Xobeh.
Nemelex Xobeh was greatly pleased with you.
You were not hungry.
You were a tree.
You visited 2 branches of the dungeon, and saw 11 of its levels.
You visited the Abyss 1 time.
You also visited: Sewer and Ossuary.

You collected 765 gold pieces.
You spent 104 gold pieces at shops.

Inventory:

Hand Weapons
 a - the +7 spear of Juydal (weapon) {pierce, rC+ Str+2 Dex+3}
   (You found it on level 6 of the Dungeon)

   It inflicts extra damage upon your enemies.
   It affects your strength (+2).
   It affects your dexterity (+3).
   It protects you from cold.
 b - a +1 hunting sling
 j - a +1 dagger of electrocution
 p - a +0 blowgun
 y - a +1 flail of holy wrath
 C - the +10 whip of Kagats {drain, rC- rN+ MR+++}
   (You found it on level 1 of the Abyss)

   A truly terrible weapon, it drains the life of those it strikes.
   It makes you vulnerable to cold.
   It protects you from negative energy.
   It affects your resistance to hostile enchantments.
 S - a +0 war axe
 X - the +3 spear of Sin {chaos, -Tele rC+ rN+ Int+3}
   (You found it on level 9 of the Dungeon)

   Each time it hits an enemy it has a different, random effect.
   It affects your intelligence (+3).
   It protects you from cold.
   It protects you from negative energy.
   It prevents most forms of teleportation.
Missiles
 e - 310 stones
 q - 24 poisoned needles
 A - 4 tomahawks
 H - 4 poisoned tomahawks (quivered)
 O - 99 sling bullets
 Q - 8 curare-tipped needles
Armour
 c - a +0 shield (worn)
 n - a +0 cloak (melded)
 I - a +3 ring mail of poison resistance (melded)
Magical Staves
 W - an uncursed staff of death
Jewellery
 B - a +2 ring of evasion (right branch)
 V - an uncursed ring of fire
Wands
 t - a wand of polymorph (8)
 L - a wand of disintegration (6)
 P - a wand of enslavement (7)
 T - a wand of random effects (16)
 U - a wand of iceblast (12)
 Y - a wand of scattershot (5)
 Z - a wand of acid (7)
Scrolls
 g - 5 scrolls of amnesia {unknown}
 k - 13 scrolls of identify {unknown}
 m - a scroll of summoning {unknown}
 s - a scroll of enchant weapon
 w - 9 scrolls of teleportation {unknown}
 x - 2 scrolls of immolation
 z - 2 scrolls of fog {unknown}
 G - 5 scrolls of remove curse
 J - a scroll of blinking
 K - a scroll of enchant armour {unknown}
 M - a scroll of random uselessness {unknown}
Potions
 h - 2 potions of agility
 l - 3 potions of flight
 o - a potion of magic
 r - a potion of cancellation
 u - 3 potions of brilliance
 F - a potion of degeneration
Comestibles
 f - 17 rations


   Skills:
 + Level 11.1 Fighting
 - Level 8.0(9.3) Axes
 + Level 3.1(6.0) Maces & Flails
 - Level 6.4(8.2) Polearms
 + Level 11.1 Armour
 + Level 11.1 Shields
 + Level 8.8 Invocations


You had 11 spell levels left.
You didn't know any spells.
Your spell library contained the following spells:

 Spells                   Type           Power        Failure   Level  Hunger
 Magic Dart               Conj           #...         71%         1    ##.....
 Summon Small Mammal      Summ           #...         71%         1    ##.....
 Call Imp                 Summ           #.......     85%         2    ###....
 Searing Ray              Conj           #.....       85%         2    ###....
 Call Canine Familiar     Summ           #.......     97%         3    ####...
 Dazzling Spray           Conj/Hex       #.....       97%         3    ####...
 Summon Guardian Golem    Hex/Summ       #.......     97%         3    ####...
 Force Lance              Conj/Tloc      #.......     100%        4    #####..
 Fulminant Prism          Conj/Hex       #.........   100%        4    #####..
 Iskenderun's Mystic Bla  Conj           #.......     100%        4    #####..
 Summon Ice Beast         Ice/Summ       #.......     100%        4    #####..
 Summon Lightning Spire   Summ/Air       #.......     100%        4    #####..


Dungeon Overview and Level Annotations

Branches:
Dungeon (10/15)            Temple (1/1) D:7
   Lair: D:8-11         Orc: D:9-12

Altars:
Ashenzari
Cheibriados
Dithmenos
Elyvilon
Fedhas
Gozag
Hepliaklqana
Kikubaaqudgha
Makhleb
Nemelex Xobeh
Okawaru
Qazlal
Ru
Sif Muna
Trog
Uskayaw
Wu Jian
Xom
Yredelemnul
Zin
The Shining One

Shops:
D:7 *=


Innate Abilities, Weirdness & Mutations

((You reflexively headbutt those who attack you in melee.))
((You have a pair of horns on your head.))


Message History

The golden eye blinks at you. You resist with almost no effort.
The raiju bites you but does no damage.
You swing at nothing.
The thrashing horror roars!
The thrashing horror tramples you but does no damage. x2
The golden eye blinks at you.
You are more confused.
The golden eye blinks at you. x2
The neqoxec hits you but does no damage.
The golden eye blinks!
The raiju bites you.
* * * LOW HITPOINT WARNING * * *
The raiju shocks you!
* * * LOW HITPOINT WARNING * * *
The raiju bites you but does no damage.
Unknown command.
You swing at nothing.
The thrashing horror roars!
The thrashing horror tramples you.
You die...
Your body disappears without a glow.

.
###############5#
......h♣325.(.....
.
..####hhX5..§.....
#.GGGG........ .
##..†5.......2.
#.....G.... .
#..####.... ..
#..... ..#. ....#
..#... ..† # # . .


You could see a thrashing horror, a tormentor, 3 raiju, a neqoxec, a crimson
imp, 5 golden eyes and 2 ufetubi.

Vanquished Creatures
  2 two-headed ogres
  2 thrashing horrors (Abyss:1)
  Pikel (D:5)
  A rust devil (Abyss:1)
  A gargoyle (D:5)
  An orange demon (Abyss:1)
  2 ancient zymes (Abyss:1)
  A hippogriff (D:8)
  4 raiju (Abyss:1)
  Prince Ribbit (D:8)
  Eustachio (D:5)
  A golden eye (Abyss:1)
  A hungry ghost (D:8)
  3 ice beasts
  2 slaves (D:5)
  A necrophage (D:5)
  A starcursed mass (Abyss:1)
  2 ogres
  3 phantoms
  A centaur (D:7)
  A crocodile (D:6)
  A big kobold (Sewer)
  4 bullfrogs
  A scorpion (D:8)
  2 small abominations (Abyss:1)
  4 wights (D:8)
  A howler monkey (D:4)
  A bullfrog zombie (D:6)
  5 crimson imps
  2 hounds
  2 jellies
  A quasit (D:7)
  A centaur zombie (D:8)
  2 centaur skeletons (D:4)
  A bullfrog skeleton (D:4)
  4 orc priests
  2 gnoll shamans
  7 orc wizards
  5 worker ants
  An iguana (D:4)
  A hound skeleton (D:4)
  8 mummies (Ossuary)
  A worker ant zombie (D:9)
  6 gnolls
  6 adders
  10 river rats
  2 shadow imps
  3 white imps (Abyss:1)
  An ufetubus (Abyss:1)
  4 oozes
  An adder skeleton (D:4)
  3 worms
  4 dart slugs
  7 leopard geckos
  26 orcs
  10 ball pythons
  7 bats
  8 giant cockroaches
  A gnoll zombie (Ossuary)
  9 goblins
  12 hobgoblins
  6 jackals
  4 quokkas
  4 frilled lizards
  2 jackal zombies (D:6)
  18 kobolds
  4 kobold zombies (Ossuary)
  3 orc zombies (Ossuary)
  2 quokka skeletons
  20 rats
273 creatures vanquished.

Vanquished Creatures (collateral kills)
  A two-headed ogre (D:8)
  Joseph (D:7)
  An ancient zyme (Abyss:1)
  Duvessa (D:5)
  A centaur (D:5)
  A big kobold (Sewer)
  Dowan (D:5)
  4 wights (D:9)
  2 orc priests (D:8)
  An iguana (D:8)
  A worker ant (D:9)
  2 gnolls (D:8)
  A shadow imp (Abyss:1)
  A leopard gecko (D:7)
  An orc (D:8)
  A giant cockroach (D:8)
  A kobold (Sewer)
  A rat (Sewer)
23 creatures vanquished.

Vanquished Creatures (others)
  4 orc wizards
  7 orcs
11 creatures vanquished.

Grand Total: 307 creatures vanquished

Notes
Turn   | Place    | Note
-------+----------+-------------------------------------------
     0 | D:1      | teukkam the Minotaur Fighter began the quest for the Orb.
     0 | D:1      | Reached XP level 1. HP: 19/19 MP: 0/0
   124 | D:3      | Found a sparkling altar of Nemelex Xobeh.
   127 | D:3      | Reached XP level 2. HP: 25/27 MP: 1/1
   132 | D:3      | Became a worshipper of Nemelex Xobeh the Trickster
   259 | D:1      | Received a gift from Nemelex Xobeh
   483 | D:1      | Reached XP level 3. HP: 28/33 MP: 2/2
   732 | D:2      | Reached skill level 1 in Invocations
   790 | D:2      | Received a gift from Nemelex Xobeh
  1028 | D:2      | Reached * piety under Nemelex Xobeh
  1183 | D:2      | Found a faded altar of an unknown god.
  1186 | D:2      | Reached XP level 4. HP: 39/40 MP: 3/3
  1334 | D:2      | Found an ancient bone altar of Kikubaaqudgha.
  1536 | D:3      | Received a gift from Nemelex Xobeh
  1683 | D:3      | Noticed Grinder
  1694 | D:3      | Noticed Grinder
  1694 | D:3      | Grinder changed into Grinder the crimson imp
  1696 | D:3      | Killed Grinder the crimson imp
  1705 | D:3      | Reached XP level 5. HP: 47/47 MP: 5/5
  1716 | D:3      | Found a shimmering altar of Xom.
  2134 | D:4      | Reached XP level 6. HP: 24/55 MP: 6/6
  2323 | D:4      | Reached ** piety under Nemelex Xobeh
  2376 | D:4      | Found a glowing drain.
  2380 | Sewer    | Entered a sewer
  2414 | Sewer    | Reached skill level 5 in Fighting
  2414 | Sewer    | Reached skill level 5 in Shields
  2420 | Sewer    | Reached skill level 5 in Armour
  2654 | Sewer    | Reached XP level 7. HP: 28/61 MP: 8/8
  3211 | D:4      | Received a gift from Nemelex Xobeh
  3475 | D:4      | Reached skill level 5 in Axes
  3871 | D:5      | Entered Level 5 of the Dungeon
  3903 | D:5      | Found a sacrificial altar of Ru.
  3959 | D:5      | Found a sand-covered staircase.
  3969 | D:5      | Noticed Pikel
  3978 | D:5      | Killed Pikel
  3978 | D:5      | Reached XP level 8. HP: 40/71 MP: 8/10
  4123 | Ossuary  | Entered an ossuary
  4706 | D:5      | Noticed Duvessa
  4706 | D:5      | Noticed Dowan
  4716 | D:5      | Killed Duvessa
  4718 | D:5      | Killed Dowan
  4874 | D:5      | Received a gift from Nemelex Xobeh
  4976 | D:5      | Found a snail-covered altar of Cheibriados.
  5019 | D:5      | Noticed Eustachio
  5050 | D:5      | Killed Eustachio
  5050 | D:5      | Reached XP level 9. HP: 77/79 MP: 11/11
  5071 | D:5      | Reached *** piety under Nemelex Xobeh
  5098 | D:5      | Found an iron altar of Okawaru.
  5203 | D:5      | Reached skill level 5 in Invocations
  5209 | D:5      | Noticed a two-headed ogre
  5210 | D:5      | Found a hide-covered altar of Uskayaw.
  5210 | D:5      | Found a stormy altar of Qazlal.
  5242 | D:5      | Noticed a gargoyle
  5246 | D:5      | Found a transporter.
  5254 | D:5      | Found a transporter.
  5264 | D:5      | Found a white marble altar of Elyvilon.
  5305 | D:5      | Killed a gargoyle
  5308 | D:5      | Killed a two-headed ogre
  5405 | D:5      | Upgraded the game from 0.23.1 to 0.23.1-37-gaa34b87
  6219 | D:6      | Received a gift from Nemelex Xobeh
  6229 | D:6      | Got a brightly glowing spear
  6230 | D:6      | Identified the +7 spear of Juydal {pierce, rC+ Str+2 Dex+3}
                  | (You found it on level 6 of the Dungeon)
  6298 | D:6      | Found a burning altar of Makhleb.
  6421 | D:6      | Found a shadowy altar of Dithmenos.
  6495 | D:7      | Found Qata's General Store.
  6500 | D:7      | Bought a potion of heal wounds for 65 gold pieces
  6500 | D:7      | Bought a potion of curing for 39 gold pieces
  6712 | D:7      | Reached skill level 1 in Polearms
  6936 | D:7      | Found a staircase to the Ecumenical Temple.
  6945 | Temple   | Entered the Ecumenical Temple
  7160 | D:7      | Noticed Joseph
  7170 | D:7      | Killed Joseph
  7170 | D:7      | Reached XP level 10. HP: 75/90 MP: 13/13
  7306 | D:7      | Received a gift from Nemelex Xobeh
  7329 | D:7      | Found Nyluesur's Jewellery Shoppe.
  7489 | D:8      | Noticed Prince Ribbit
  7499 | D:8      | Killed Prince Ribbit
  7607 | D:10     | Entered Level 10 of the Dungeon
  7613 | D:9      | Reached **** piety under Nemelex Xobeh
  7890 | D:8      | Received a gift from Nemelex Xobeh
  7992 | D:8      | Noticed a two-headed ogre
  7997 | D:8      | Killed a two-headed ogre
  8468 | D:8      | Received a gift from Nemelex Xobeh
  8755 | D:9      | Noticed a two-headed ogre
  8761 | D:9      | Killed a two-headed ogre
  8980 | D:9      | Received a gift from Nemelex Xobeh
  8991 | D:9      | Got a jewelled spear
  8992 | D:9      | Identified the +3 spear of Sin {chaos, -Tele rC+ rN+ Int+3}
                  | (You found it on level 9 of the Dungeon)
  9015 | D:9      | Noticed a two-headed ogre
  9024 | D:9      | Cast into level 1 of the Abyss (drawing a card)
  9038 | Abyss:1  | Noticed a starcursed mass
  9062 | Abyss:1  | Killed a starcursed mass
  9270 | Abyss:1  | Noticed an eye of devastation
  9286 | Abyss:1  | Noticed a wretched star
  9328 | Abyss:1  | Noticed an orange demon
  9335 | Abyss:1  | Got an iridescent whip
  9336 | Abyss:1  | Identified the +10 whip of Kagats {drain, rC- rN+ MR+++}
                  | (You found it on level 1 of the Abyss)
  9397 | Abyss:1  | Killed an orange demon
  9484 | Abyss:1  | Reached skill level 1 in Maces & Flails
  9507 | Abyss:1  | Reached skill level 10 in Fighting
  9507 | Abyss:1  | Reached skill level 10 in Armour
  9507 | Abyss:1  | Reached skill level 10 in Shields
  9507 | Abyss:1  | Reached XP level 11. HP: 72/101 MP: 14/16
  9534 | Abyss:1  | Reached XP level 12. HP: 52/108 MP: 17/17
  9654 | Abyss:1  | HP: 2/165 [raiju (9)]
  9655 | Abyss:1  | Slain by a thrashing horror

Skill      XL: |  1  2  3  4  5  6  7  8  9 10 11 12 |
---------------+-------------------------------------+-----
Armour         | 4 5 6 7 8 10 11 | 11.1
Shields        | 4 5 6 7 8 10 11 | 11.1
Fighting       | 4 5 6 7 8 10 11 | 11.1
Axes           | 3 4 6 8 |  8.0
Invocations    | 1 2 4 6 8 |  8.8
Polearms       | 1 6 |  6.4
Maces & Flails | 1 3 |  3.1

Action                   |  1- 3 |  4- 6 |  7- 9 | 10-12 || total
-------------------------+-------+-------+-------+-------++-------
Melee: War axe           |    96 |   148 |   238 |       ||   482
       Headbutt          |    16 |    23 |    52 |    43 ||   134
       Spear             |       |       |    25 |   194 ||   219
       Flail             |       |       |       |    12 ||    12
       Whip              |       |       |       |     2 ||     2
 Fire: Hunting sling     |       |    31 |    23 |     2 ||    56
Throw: Stone             |       |       |     1 |     1 ||     2
       Tomahawk          |       |       |       |    14 ||    14
Invok: Triple Draw       |       |       |     1 |       ||     1
 Abil: Draw Destruction  |       |     4 |    11 |    18 ||    33
       Draw Summoning    |       |     1 |     4 |     6 ||    11
       Draw Escape       |       |     1 |     2 |     7 ||    10
  Use: Potion            |       |     1 |     3 |    31 ||    35
       Scroll            |       |     6 |     2 |     1 ||     9
  Eat: Chunk             |       |     6 |     7 |     3 ||    16
       Ration            |       |       |     2 |     3 ||     5
Armor: Scale mail        |    47 |    54 |    12 |       ||   113
       Chain mail        |       |       |   106 |    24 ||   130
       Ring mail         |       |       |       |    30 ||    30
       Skin              |       |       |       |    18 ||    18
Dodge: Dodged            |    36 |    39 |    53 |    51 ||   179
Block: Shield            |    60 |    96 |   140 |    80 ||   376
